 Dungeon Crawl Stone Soup version 0.26.0-45-g9c1d065592 (webtiles) character file.

Game seed: 14653779412009113229

511384 trckry the Sniper (level 25, -2/160 HPs)
             Began as a Tengu Hunter on Jan 30, 2021.
             Was the Champion of Okawaru.
             Killed by an exploding a vault guard (14 damage)
             ... exploding inner flame
             ... on level 5 of the Vaults on Jan 31, 2021.
             The game lasted 04:14:46 (82916 turns).

trckry the Sniper (Tengu Hunter)                   Turns: 82916, Time: 04:14:47

Health: -2/160     AC: 35    Str: 24    XL:     25   Next: 54%
Magic:  31/31      EV: 19    Int: 24    God:    Okawaru [******]
Gold:   2742       SH:  5    Dex: 20    Spells: 24/24 levels left

rFire    . . .     SeeInvis +   a - +6 arbalest of Lisewyemia {vorpal, rN+ Str+2 Int+3}
rCold    . . .     Faith    .   (shield currently unavailable)
rNeg     + . .     Spirit   .   p - +8 plate armour of Lethargy {Harm Rampage Int+7 Stlth-}
rPois    +         Reflect  +   W - +2 hat {Will+}
rElec    .         Harm     +   A - +2 cloak
rCorr    .         Rampage  +   S - +2 pair of gloves {archery}
Will     +++..                  (boots unavailable)
Stlth    ..........             n - amulet of Salvation {Reflect rPois Int+4 SH+5 SInv}
HPRegen  0.36/turn              Z - ring "Agiostrow" {+Inv rC+ Will+ Stlth-}
MPRegen  0.22/turn              q - ring "Nihyuwacurph" {rPois rC- Int-5 Dex+6 Slay+6}

@: no status effects
A: beak, talons 3, evolution 1, able to fly
}: 2/15 runes: decaying, serpentine
a: Fly, Renounce Religion, Evoke Invisibility, Heroism, Finesse


You were on level 5 of the Vaults.
You worshipped Okawaru.
Okawaru was exalted by your worship.
You visited 9 branches of the dungeon, and saw 45 of its levels.
You visited the Abyss 1 time.
You also visited: Gauntlet, Ice Cave and Volcano.

You collected 7129 gold pieces.
You spent 4387 gold pieces at shops.

Inventory:

Hand Weapons
 a - the +6 arbalest of Lisewyemia (weapon) {vorpal, rN+ Str+2 Int+3}
   (Okawaru gifted it to you on level 2 of the Orcish Mines)

   Any bolt fired from it inflicts extra damage.
   It affects your strength (+2).
   It affects your intelligence (+3).
   It protects you from negative energy.
 b - the +2 lajatang "Dragonbane" {vorpal, +Rage rC++}
   (Okawaru gifted it to you on level 14 of the Dungeon)

   It inflicts extra damage upon your enemies.
   It greatly protects you from cold.
   It lets you go berserk.
 c - a +2 triple crossbow of flaming
 Q - a +1 triple crossbow of freezing
Missiles
 d - 1275 bolts (quivered ammo)
 M - 24 curare-tipped darts
Armour
 p - the +8 plate armour of Lethargy (worn) {Harm Rampage Int+7 Stlth-}
   (Okawaru gifted it to you on level 1 of the Elven Halls)

   It affects your intelligence (+7).
   It increases damage dealt and taken.
   It bestows one free step when moving towards enemies.
   It makes you less stealthy.
 A - a +2 cloak (worn)
 S - a +2 pair of gloves of archery (worn)
 W - a +2 hat of willpower (worn)
Jewellery
 n - the amulet of Salvation (around neck) {Reflect rPois Int+4 SH+5 SInv}
   (You took it off a deep elf death mage on level 3 of the Elven Halls)

   [amulet of reflection]

   It shields you and reflects attacks.
   It affects your intelligence (+4).
   It protects you from poison.
   It lets you see invisible.
   It affects your SH (+5).
 q - the ring "Nihyuwacurph" (right hand) {rPois rC- Int-5 Dex+6 Slay+6}
   (You bought it in a shop on level 2 of the Orcish Mines)

   [ring of dexterity]

   It affects your intelligence (-5).
   It affects your dexterity (+6).
   It affects your accuracy and damage with ranged weapons and melee attacks
   (+6).
   It makes you vulnerable to cold.
   It protects you from poison.
 F - an uncursed amulet of regeneration
 G - the ring "Mizam" {Wiz rPois rN+ Int+4}
   (You took it off a centaur warrior on level 2 of the Depths)

   [ring of wizardry]

   It improves your spell success rate.
   It affects your intelligence (+4).
   It protects you from poison.
   It protects you from negative energy.
 T - an uncursed ring of resist corrosion
 Z - the ring "Agiostrow" (left hand) {+Inv rC+ Will+ Stlth-}
   (You found it on level 3 of the Vaults)

   [ring of attention]

   It protects you from cold.
   It affects your willpower, your defense against some magical effects.
   It lets you turn invisible.
   It makes you less stealthy.
Wands
 g - a wand of disintegration (71)
 k - a wand of paralysis (31)
 r - a wand of iceblast (43)
 C - a wand of digging (17)
 D - a wand of enslavement (10)
 J - a wand of acid (51)
 P - a wand of flame (121)
 V - a wand of polymorph (28)
Scrolls
 e - 25 scrolls of identify
 f - 27 scrolls of remove curse
 h - 5 scrolls of blinking
 v - a scroll of fear
 y - 5 scrolls of fog
 E - 2 scrolls of immolation
 H - 14 scrolls of teleportation
 I - a scroll of brand weapon
 N - 8 scrolls of enchant armour
 O - 8 scrolls of magic mapping
 X - 7 scrolls of enchant weapon
 Y - 3 scrolls of holy word
Potions
 i - 3 potions of heal wounds
 j - 8 potions of might
 l - a potion of ambrosia
 o - 3 potions of mutation
 x - 20 potions of curing
 z - 6 potions of haste
 K - a potion of berserk rage
 L - 3 potions of invisibility
 U - a potion of resistance
Miscellaneous
 m - a phantom mirror
 s - a phial of floods
 t - a condenser vane
 u - a lightning rod (4/4)
 w - a tin of tremorstones (2/2)
 R - a box of beasts


   Skills:
 * Level 17.2 Fighting
 - Level 14.0 Staves
 * Level 25.5 Crossbows
 + Level 17.8 Armour
 + Level 17.8 Dodging
 - Level 1.0 Stealth
 - Level 4.0 Shields
 - Level 10.0 Invocations
 + Level 16.4 Evocations


You had 24 spell levels left.
You didn't know any spells.
Your spell library contained the following spells:

 Spells                   Type           Power        Failure   Level
 Apportation              Tloc           0%           67%         1
 Beastly Appendage        Tmut           0%           67%         1
 Foxfire                  Conj/Fire      0%           67%         1
 Magic Dart               Conj           0%           67%         1
 Sting                    Tmut/Pois      0%           67%         1
 Summon Small Mammal      Summ           0%           67%         1
 Blink                    Tloc           N/A          82%         2
 Call Imp                 Summ           0%           82%         2
 Poisonous Vapours        Pois/Air       0%           82%         2
 Searing Ray              Conj           0%           82%         2
 Wereblood                Tmut           0%           82%         2
 Call Canine Familiar     Summ           0%           96%         3
 Conjure Flame            Conj/Fire      0%           96%         3
 Dazzling Flash           Conj/Hex       0%           96%         3
 Gell's Gravitas          Tloc           0%           96%         3
 Ignite Poison            Fire/Tmut/Pois 0%           96%         3
 Inner Flame              Hex/Fire       0%           96%         3
 Lesser Beckoning         Tloc           0%           96%         3
 Mephitic Cloud           Conj/Pois/Air  0%           96%         3
 Spider Form              Tmut/Pois      0%           96%         3
 Static Discharge         Conj/Air       0%           96%         3
 Summon Guardian Golem    Hex/Summ       0%           96%         3
 Teleport Other           Tloc           0%           96%         3
 Tukima's Dance           Hex            0%           96%         3
 Vampiric Draining        Necr           0%           96%         3
 Fulminant Prism          Conj/Hex       0%           100%        4
 Ice Form                 Ice/Tmut       0%           100%        4
 Iskenderun's Mystic Bla  Conj/Tloc      0%           100%        4
 Leda's Liquefaction      Hex/Erth       0%           100%        4
 Olgreb's Toxic Radiance  Pois           0%           100%        4
 Passage of Golubria      Tloc           N/A          100%        4
 Summon Ice Beast         Ice/Summ       0%           100%        4
 Summon Lightning Spire   Summ/Air       0%           100%        4
 Alistair's Intoxication  Tmut/Pois      0%           100%        5
 Blade Hands              Tmut           0%           100%        5
 Bolt of Magma            Conj/Fire/Erth 0%           100%        5
 Summon Mana Viper        Hex/Summ       0%           100%        5
 Yara's Violent Unravell  Hex/Tmut       0%           100%        5
 Freezing Cloud           Conj/Ice/Air   0%           100%        6
 Invisibility             Hex            0%           100%        6
 Iron Shot                Conj/Erth      0%           100%        6
 Starburst                Conj/Fire      0%           100%        6
 Statue Form              Tmut/Erth      0%           100%        6
 Orb of Destruction       Conj           0%           100%        7
 Shatter                  Erth           0%           100%        9


Dungeon Overview and Level Annotations

Branches:
Dungeon (15/15)            Temple (1/1) D:5            Lair (6/6) D:11
  Swamp (4/4) Lair:4        Snake (4/4) Lair:3        Slime (0/5) Lair:6
    Orc (2/2) D:10            Elf (3/3) Orc:2        Vaults (5/5) D:14
  Crypt (0/3) Vaults:3     Depths (5/5) D:15            Zot (0/5) Depths:5
  IceCv (visited)         Volcano (visited)         Gauntlet (visited)

Altars:
Ashenzari
Cheibriados
Dithmenos
Elyvilon
Fedhas
Gozag
Hepliaklqana
Kikubaaqudgha
Makhleb
Nemelex Xobeh
Okawaru
Qazlal
Ru
Sif Muna
Trog
Uskayaw
Vehumet
Wu Jian
Xom
Yredelemnul
Zin
The Shining One
Beogh
Jiyva

Shops:
D:8 ?   D:10 :   Orc:2 [=[=   Snake:3 *   Snake:4 :*[[   Vaults:1 ?
Vaults:2 :   Vaults:3 [   Depths:1 :   Depths:2 ==}

Portals:
Hell: Depths:1 Depths:2 Depths:3 Depths:4 Depths:5
Abyss: Depths:4
Pandemonium: Depths:2 Depths:3
Ziggurat: Depths:3

Annotations:
D:6 3 runed translucent doors, Hehehe's ghost, novice DDFi
D:7 3 runed translucent doors, sahdkjhfkaj's ghost, novice BaBe
D:8 3 runed translucent doors, kaeus's ghost, novice GrEE; om's ghost, novice MiFi
D:14 Roxanne
Lair:2 3 runed translucent doors, sahdkjhfkaj's ghost, journeyman DsFi
Swamp:3 3 runed translucent doors, Ricegish's ghost, adept GnFi
Orc:1 1 runed translucent door, Sucvi's ghost, journeyman MiFi
Elf:3 exclusion: orange crystal statue


Innate Abilities, Weirdness & Mutations

You have a beak for a mouth.
You have claws for feet.
You can fly continuously.
You evolve.


Message History

Okawaru accepts your kill.
The vault guard explodes!
The fiery explosion engulfs the vault guard!!
Okawaru accepts your kill.
The vault guard explodes!
The fiery explosion engulfs the vault guard.
Okawaru accepts your kill.
The vault guard explodes!
The fiery explosion engulfs you!
The vault guard explodes! x4
The fiery explosion engulfs you but does no damage.
The vault guard explodes!
The fiery explosion engulfs you!!
* * * LOW HITPOINT WARNING * * *
The vault guard explodes! x2
The fiery explosion engulfs you!
* * * LOW HITPOINT WARNING * * *
The vault guard explodes! x2
The fiery explosion engulfs you!
You die...

....#....#+#
#...#....#.##
...........
###..§○○.§.####
....§○○○○§§....
....○○§§○○.....
...○○§§§§○§....
...p○○§@○○○....
###.§§○○○§§####
.....§§○§§.....
....#§○○§#D....
##. #.§§.#e.###
u. #....# ○○. .
#....# ...
#....# ###


You could see an iron dragon (inner flame), a white very ugly thing (wandering),
a vault guard (inner flame) and a deep elf mage (inner flame).

Vanquished Creatures
  2 juggernauts
  Sojobo (Depths:2)
  Bai Suzhen (Depths:2)
  Xtahua (Depths:5)
  Margery (Depths:3)
  2 caustic shrikes
  Nikola (Swamp:1)
  4 golden dragons
  Jorgrun (D:13)
  4 liches
  A Hell Sentinel (Abyss:2)
  Asterion (Elf:3)
  2 titans
  2 quicksilver dragons
  A deep elf blademaster (Elf:3)
  2 deep elf master archers (Elf:3)
  2 tentacled starspawn (Abyss:2)
  3 shadow dragons
  2 sphinxes (Depths:4)
  Frances (Elf:1)
  6 tengu reavers
  Donald (Elf:2)
  A thorn hunter (Swamp:3)
  2 draconian monks
  14 nagarajas
  Aizul (Snake:1)
  12 deep elf sorcerers
  3 iron dragons
  7 fire giants
  A balrug (Depths:1)
  6 frost giants
  9 deep elf elementalists
  Louise (Swamp:2)
  11 ironheart preservers
  A curse skull (Vaults:3)
  2 ghouls (Vaults:3)
  2 spriggan defenders
  7 vault wardens
  7 very ugly things
  3 green draconians (Depths:5)
  A vampire knight (Depths:5)
  11 stone giants
  A draconian annihilator (Depths:5)
  3 deep elf demonologists
  A yellow draconian (Depths:5)
  2 bunyips
  6 deep elf annihilators
  A red draconian (Depths:5)
  9 ettins
  A minotaur (Gauntlet)
  7 eleionomae
  Snorg (D:13)
  4 spark wasps
  12 fire dragons
  A green death (Depths:3)
  11 ice dragons
  7 deep elf death magi
  17 ogre magi
  9 yaktaur captains
  4 deep elf high priests
  4 great orbs of eyes
  25 vault guards
  8 boulder beetles
  3 rakshasas
  3 catoblepae
  11 naga warriors
  15 anacondas
  28 hydras
  4 spriggan air magi
  3 ghost crabs
  Erolcha (D:12)
  7 centaur warriors
  A death knight (Vaults:3)
  31 dancing weapons
  3 deep troll shamans
  2 tengu warriors
  44 two-headed ogres
  4 orc high priests
  2 deep troll earth magi
  10 alligators
  A thrashing horror (Abyss:2)
  10 death yaks
  9 naga sharpshooters
  26 deep elf knights
  7 hell knights
  3 vampire magi
  3 spriggan berserkers (Depths:2)
  6 shock serpents
  A wretched star (Abyss:2)
  Sonja (Lair:3)
  4 salamander mystics
  A sun demon (Depths:3)
  A shadow wraith (Vaults:3)
  2 goliath frogs
  10 deep trolls
  3 spriggan druids
  A glowing orange brain (shapeshifter) (Depths:1)
  2 skeletal warriors (Vaults:3)
  An iron troll (Depths:2)
  A spatial maelstrom (Abyss:2)
  3 unseen horrors
  A flayed ghost (Vaults:2)
  A shadow demon (Abyss:2)
  2 wizards
  68 deep elf magi
  2 bog bodies (Swamp:1)
  4 glowing orange brains
  5 naga ritualists
  12 ironbrand convokers
  9 swamp dragons
  21 deep elf archers
  6 lindwurms
  A harpy (Vaults:2)
  8 necromancers
  A shining eye (shapeshifter) (Depths:1)
  A wolf spider zombie (D:15)
  An orb spider (Depths:1)
  17 orc knights
  2 manticores
  15 mana vipers
  9 orc sorcerers
  3 large abominations (Abyss:2)
  6 will-o-the-wisps
  2 oklob plants
  10 salamanders
  3 cyclopes
  57 ugly things
  11 elephants
  9 guardian serpents
  3 ice statues (IceCv)
  A salamander (shapeshifter) (Vaults:2)
  15 vault sentinels
  35 black mambas
  24 naga magi
  10 cane toads
  2 gargoyles
  A smoke demon (Depths:3)
  An orange demon (Depths:3)
  A cane toad (shapeshifter) (D:15)
  5 torpor snails (Lair:6)
  51 yaktaurs
  7 rime drakes
  4 freezing wraiths
  10 komodo dragons
  5 tengu conjurers
  4 efreet
  A human skeleton (Vaults:2)
  9 ice devils (IceCv)
  A yaktaur skeleton (Vaults:1)
  2 polar bears
  2 hellwings (Depths:1)
  A red devil (Depths:3)
  7 tyrant leeches
  A bloated husk (Swamp:1)
  2 polar bears (shapeshifter)
  12 trolls
  Grinder (D:4)
  17 slime creatures
  19 hornets
  9 blink frogs
  A frost giant simulacrum (Vaults:1)
  A snapping turtle (shapeshifter) (Depths:5)
  A raiju (Abyss:2)
  2 meliai zombies (D:14)
  4 human simulacra
  An air elemental (Elf:2)
  A redback (shapeshifter) (D:15)
  A spriggan (shapeshifter) (Vaults:4)
  2 vampires
  5 water elementals
  5 wraiths
  51 yaks
  6 spriggans
  A ynoxinul (Depths:3)
  7 wyverns
  2 shadows
  Eustachio (D:4)
  5 basilisks
  3 fire bats (Volcano)
  7 fire elementals
  Menkaure (D:4)
  A basilisk (shapeshifter) (Vaults:4)
  A chaos spawn (Abyss:2)
  2 steam dragons
  5 vampire mosquitoes
  An ogre zombie (Vaults:1)
  A spatial vortex (Abyss:2)
  16 swamp worms
  A water moccasin (shapeshifter) (Elf:1)
  11 wargs
  2 soldier ants (D:12)
  37 nagas
  An acid dragon (D:12)
  8 water moccasins
  A soldier ant (shapeshifter) (D:14)
  12 swamp drakes
  A sky beast (D:12)
  13 ice beasts
  36 orc warriors
  3 ettin simulacra (Depths:3)
  An eye of draining (shapeshifter) (Vaults:2)
  56 ogres
  An eye of draining (D:10)
  A human zombie (Vaults:2)
  A phantom (D:9)
  4 boggarts (Vaults:2)
  A black bear (shapeshifter) (D:15)
  15 wolves
  27 centaurs
  An orc skeleton (Vaults:1)
  17 bullfrogs
  3 wyvern zombies
  3 earth elementals
  5 small abominations
  3 scorpions
  20 killer bees
  25 wights
  2 electric eels (D:14)
  4 howler monkeys
  A crimson imp (Depths:1)
  A bullfrog zombie (D:8)
  A lava snake (Lair:4)
  A quasit (Depths:3)
  A draconian simulacrum (IceCv)
  8 hounds
  21 orc priests
  A wyvern simulacrum (D:15)
  A yaktaur simulacrum (Vaults:1)
  A bullfrog skeleton (D:5)
  2 jellies
  3 centaur zombies
  4 centaur skeletons
  2 iron imps
  7 iguanas
  Ijyb (D:4)
  31 orc wizards
  Natasha (thrice) (D:2)
  4 hell rats (Lair:5)
  10 worker ants
  6 troll simulacra (IceCv)
  2 centaur simulacra (IceCv)
  A hound zombie (D:7)
  2 hound skeletons
  A howler monkey zombie (D:5)
  3 gnolls
  10 adders
  A naga simulacrum (IceCv)
  4 shadow imps
  12 white imps
  9 ufetubi
  A worm (D:4)
  A dart slug (D:3)
  4 leopard geckos
  95 orcs
  A ball python (D:5)
  4 giant cockroaches
  13 goblins
  3 hobgoblins
  14 jackals
  3 bats
  6 frilled lizards
  A jackal zombie (D:5)
  6 kobolds
  2 leopard gecko skeletons
  A quokka skeleton (D:4)
  5 rats
  A crawling corpse (Elf:3)
  A starspawn tentacle (Abyss:2)
1864 creatures vanquished.

Vanquished Creatures (others)
  2 fire giants
  A deep elf knight (Elf:2)
  A bloated husk (Swamp:1)
  An ogre (Depths:3)
  2 orcs
  4 bushes
  20 foxfires
  34 fungi
  79 plants
  3 starspawn tentacles (Abyss:2)
  6 withered plants (D:8)
153 creatures vanquished.

Grand Total: 2017 creatures vanquished

Notes
Turn   | Place    | Note
-------+----------+-------------------------------------------
     0 | D:1      | trckry the Tengu Hunter began the quest for the Orb.
     0 | D:1      | Reached XP level 1. HP: 12/12 MP: 2/2
   248 | D:1      | Reached XP level 2. HP: 15/17 MP: 3/3
   873 | D:2      | Noticed Natasha
   882 | D:2      | Killed Natasha
   883 | D:2      | Reached XP level 3. HP: 21/21 MP: 4/4
   957 | D:2      | Noticed Natasha
   969 | D:2      | Killed Natasha
   970 | D:2      | Reached skill level 1 in Staves
   970 | D:2      | Reached skill level 5 in Crossbows
   970 | D:2      | Reached skill level 1 in Armour
   970 | D:2      | Reached XP level 4. HP: 14/27 MP: 5/5
  1200 | D:2      | Noticed Natasha
  1202 | D:2      | Reached skill level 1 in Evocations
  1212 | D:2      | Reached skill level 1 in Invocations
  1227 | D:2      | Killed Natasha
  1460 | D:2      | Found a burning altar of Makhleb.
  1472 | D:2      | Gained mutation: You can fly continuously. [Tengu growth]
  1472 | D:2      | Reached XP level 5. HP: 16/31 MP: 4/6
  2306 | D:3      | Found a sparkling altar of Nemelex Xobeh.
  2762 | D:3      | Found an iron altar of Okawaru.
  2788 | D:3      | Became a worshipper of Warmaster Okawaru
  3137 | D:4      | Noticed Ijyb
  3189 | D:4      | Killed Ijyb
  3190 | D:4      | Reached XP level 6. HP: 6/36 MP: 1/8
  3450 | D:4      | Found a sacrificial altar of Ru.
  3450 | D:4      | Found a glowing silver altar of Zin.
  3456 | D:4      | Noticed Eustachio
  3488 | D:4      | Killed Eustachio
  3838 | D:4      | Noticed Grinder
  3848 | D:4      | Paralysed by Grinder for 4 turns
  3854 | D:4      | Killed Grinder
  3854 | D:4      | Reached * piety under Okawaru
  3855 | D:4      | Reached skill level 6 in Crossbows
  3855 | D:4      | Reached XP level 7. HP: 14/41 MP: 4/9
  4266 | D:4      | Noticed Menkaure
  4274 | D:4      | Killed Menkaure
  4599 | D:4      | HP: 3/41 [ogre/+0 giant club (16)]
  4897 | D:4      | Reached ** piety under Okawaru
  4898 | D:4      | Reached XP level 8. HP: 47/47 MP: 10/10
  5060 | D:5      | Entered Level 5 of the Dungeon
  5693 | D:5      | Reached skill level 7 in Crossbows
  5740 | D:5      | HP: 7/48 [poisoned by an orc]
  6158 | D:5      | Found a staircase to the Ecumenical Temple.
  6166 | Temple   | Entered the Ecumenical Temple
  6911 | D:5      | Found a basalt altar of Yredelemnul.
  7422 | D:6      | Reached *** piety under Okawaru
  7423 | D:6      | Reached XP level 9. HP: 52/52 MP: 12/12
  7701 | D:6      | Killed an unseen horror
  7702 | D:6      | Reached skill level 8 in Crossbows
  7702 | D:6      | Reached skill level 5 in Dodging
  7842 | D:6      | Noticed a hornet
  7854 | D:6      | Killed a hornet
  8141 | D:6      | Found a runed translucent gate.
  8141 | D:6      | Found a runed translucent gate.
  8141 | D:6      | Found a runed translucent gate.
  8152 | D:6      | Noticed Hehehe's ghost (novice DDFi)
  9159 | D:7      | Reached skill level 5 in Fighting
  9172 | D:7      | Reached skill level 5 in Armour
  9472 | D:7      | Got a scorched buckler
  9478 | D:7      | Identified the +3 buckler of Ufudebun {rC++ Will+ rCorr
                  | Stlth-} (You found it on level 7 of the Dungeon)
  9704 | D:7      | Reached **** piety under Okawaru
  9713 | D:7      | Reached XP level 10. HP: 45/59 MP: 12/14
  9853 | D:7      | Reached skill level 1 in Shields
  9864 | D:7      | Reached skill level 5 in Staves
  9954 | D:7      | Noticed sahdkjhfkaj's ghost (novice BaBe)
  9976 | D:7      | Found a runed translucent gate.
  9976 | D:7      | Found a runed translucent gate.
  9976 | D:7      | Found a runed translucent gate.
 10112 | D:7      | Found a hazy altar of Hepliaklqana.
 10259 | D:7      | Reached skill level 9 in Crossbows
 10344 | D:8      | Found a runed translucent gate.
 10344 | D:8      | Found a runed translucent gate.
 10344 | D:8      | Found a runed translucent gate.
 10344 | D:8      | Noticed om's ghost (novice MiFi)
 10346 | D:8      | Noticed kaeus's ghost (novice GrEE)
 10347 | D:8      | Noticed Joseph
 10387 | D:8      | Noticed Joseph
 10387 | D:8      | Joseph changed into Joseph the wyvern
 10727 | D:8      | Found Zearu's Magic Scroll Shop.
 10735 | D:8      | Bought a scroll of blinking for 90 gold pieces
 10735 | D:8      | Bought a scroll of remove curse for 36 gold pieces
 10878 | D:8      | Killed Joseph the wyvern
 11491 | D:8      | Noticed a two-headed ogre
 11591 | D:8      | Killed a two-headed ogre
 11591 | D:8      | Received a gift from Okawaru
 11592 | D:8      | Reached skill level 5 in Evocations
 11940 | D:7      | Reached skill level 5 in Invocations
 12219 | D:9      | Found a sacrificial altar of Ru.
 12239 | D:9      | Reached ***** piety under Okawaru
 13430 | D:10     | Entered Level 10 of the Dungeon
 13527 | D:10     | Received a gift from Okawaru
 13665 | D:10     | Noticed a four-headed hydra
 13704 | D:10     | Reached XP level 11. HP: 60/64 MP: 13/16
 13862 | D:10     | Received a gift from Okawaru
 13944 | D:10     | Got an ichor-stained longbow {god gift}
 13953 | D:10     | Identified the +1 longbow of the Demagogue {flame, Dex+5}
                  | (Okawaru gifted it to you on level 10 of the Dungeon)
 14268 | D:10     | Killed a four-headed hydra
 14269 | D:10     | Reached skill level 10 in Crossbows
 14679 | D:10     | Noticed a two-headed ogre
 14706 | D:10     | Killed a two-headed ogre
 15018 | D:10     | Found a staircase to the Orcish Mines.
 15305 | D:10     | Found Asiss's Book Shoppe.
 15464 | D:11     | Noticed a brown ugly thing
 15535 | D:11     | Noticed a boulder beetle
 15763 | D:11     | Killed a boulder beetle
 15763 | D:11     | Received a gift from Okawaru
 16102 | D:11     | Received a gift from Okawaru
 16256 | D:11     | Noticed a white ugly thing
 16292 | D:11     | Killed a white ugly thing
 16440 | D:11     | trckry: ??ugly thing
 16440 | D:11     | beem: ugly thing[1/1]: Their colour indicates what kind of
                  | damage they do, and resist; red is fire, white is cold,
                  | brown is acid, green is poison, cyan is electricity, and
                  | purple simply deals more physical damage. They can change
                  | their colour by being in proximity of their
                  | siblings/contaminated player, or by being polymorphed.
 16440 | D:11     | trckry: @?ugly thing
 16440 | D:11     | beem: cyan ugly thing (u)
                  | Spd: 10 (move: 90%)
                  | HD: 12
                  | | HP: 49-78
                  | AC/EV: 4/10
                  | Dam: 17(elec:12-17)
                  | doors
                  | | Res: magic(40), elec
                  | Vul: silver
                  | Corpse
                  | XP:
   558 | Sz:      | Medium
                  | Int: animal.
 16478 | D:11     | Killed a brown ugly thing
 16532 | D:11     | Found a staircase to the Lair.
 16535 | D:11     | Noticed an oklob plant
 16945 | D:11     | Killed an oklob plant
 17236 | D:12     | Received a gift from Okawaru
 17258 | D:12     | Reached XP level 12. HP: 52/71 MP: 16/18
 17391 | D:12     | Noticed a two-headed ogre
 17414 | D:12     | Killed a two-headed ogre
 17415 | D:12     | Reached skill level 11 in Crossbows
 17952 | D:12     | Noticed Erolcha
 18004 | D:12     | Killed Erolcha
 19220 | Lair:1   | Entered Level 1 of the Lair of Beasts
 19803 | Lair:1   | Identified a scroll of acquirement
 19803 | Lair:1   | Acquired 1275 gold pieces
 20747 | Lair:2   | HP: 6/72 [cane toad (6)]
 20758 | Lair:2   | HP: 10/72 [poisoned by a cane toad]
 20759 | Lair:2   | HP: 3/72 [komodo dragon (8)]
 20766 | Lair:2   | HP: 2/72 [poisoned by a cane toad]
 20775 | Lair:2   | HP: 2/72 [poisoned by a cane toad]
 21204 | Lair:2   | Noticed an eight-headed hydra
 21229 | Lair:2   | Killed an eight-headed hydra
 21229 | Lair:2   | Received a gift from Okawaru
 21309 | Lair:2   | Received a gift from Okawaru
 21310 | Lair:2   | Reached XP level 13. HP: 69/76 MP: 17/20
 21491 | Lair:2   | Reached skill level 12 in Crossbows
 21586 | Lair:2   | Reached ****** piety under Okawaru
 21812 | Lair:2   | Noticed sahdkjhfkaj's ghost (journeyman DsFi)
 21813 | Lair:2   | Found a runed translucent gate.
 22160 | Lair:2   | Found a runed translucent gate.
 22160 | Lair:2   | Found a runed translucent gate.
 22499 | Lair:2   | trckry: ??okawaru
 22499 | Lair:2   | beem: okawaru[1/6]: Heroism (*) temporarily gives +5 to all
                  | non-magic skills except Invocations and Evocations,
                  | although Fighting skill from it gives no extra HP. Finesse
                  | (*****) halves attack delay but does not stack with haste
                  | or berserk. Okawaru also gifts weapons, armour, and ammo.
 22983 | Lair:2   | HP: 11/78 [poisoned by a black mamba]
 22989 | Lair:2   | HP: 10/78 [poisoned by a black mamba]
 22995 | Lair:2   | HP: 9/78 [poisoned by a black mamba]
 23003 | Lair:2   | HP: 9/78 [poisoned by a black mamba]
 23990 | Lair:3   | Found a staircase to the Snake Pit.
 24265 | Lair:3   | Noticed Sonja
 24280 | Lair:3   | Killed Sonja
 24649 | Lair:2   | Received a gift from Okawaru
 25582 | Lair:3   | Paralysed by a hornet for 1 turns
 25929 | Lair:3   | HP: 7/78 [yak (7)]
 25930 | Lair:3   | HP: 3/78 [yak (3)]
 25935 | Lair:3   | HP: 2/78 [poisoned by a black mamba]
 25959 | Lair:3   | HP: 11/78 [yak (8)]
 26444 | Lair:3   | Received a gift from Okawaru
 26549 | Lair:4   | Reached XP level 14. HP: 66/84 MP: 17/22
 26838 | Lair:4   | Found a staircase to the Swamp.
 26927 | Lair:4   | Reached skill level 13 in Crossbows
 28325 | Lair:6   | Entered Level 6 of the Lair of Beasts
 28853 | Lair:5   | Received a gift from Okawaru
 28926 | Lair:6   | Found a dark tunnel.
 28935 | Volcano  | Entered a volcano
 29556 | Lair:5   | HP: 10/84 [cane toad (6)]
 29887 | Lair:5   | Received a gift from Okawaru
 30375 | Lair:6   | Received a gift from Okawaru
 30577 | Lair:5   | Reached skill level 10 in Invocations
 31192 | Lair:6   | Found a runed translucent door.
 31248 | Lair:6   | Received a gift from Okawaru
 31318 | Lair:6   | Paralysed by a hornet for 2 turns
 31975 | Lair:6   | Found a viscous altar of Jiyva.
 31976 | Lair:6   | Found a staircase to the Slime Pits.
 33111 | Lair:6   | Received a gift from Okawaru
 33448 | Orc:1    | Entered Level 1 of the Orcish Mines
 33460 | Orc:1    | Reached skill level 10 in Dodging
 33637 | Orc:1    | Reached skill level 14 in Crossbows
 33680 | Orc:1    | Received a gift from Okawaru
 34050 | Orc:2    | Entered Level 2 of the Orcish Mines
 34050 | Orc:2    | Found a roughly hewn altar of Beogh.
 34086 | Orc:2    | Reached XP level 15. HP: 75/90 MP: 19/23
 34608 | Orc:2    | Found a staircase to the Elven Halls.
 34615 | Orc:2    | Received a gift from Okawaru
 34750 | Orc:2    | Reached skill level 10 in Armour
 34840 | Orc:2    | Received a gift from Okawaru
 35082 | Orc:2    | Got a blackened arbalest {god gift}
 35083 | Orc:2    | Identified the +6 arbalest of Lisewyemia {vorpal, rN+ Str+2
                  | Int+3} (Okawaru gifted it to you on level 2 of the Orcish
                  | Mines)
 35094 | Orc:2    | trckry: ??vorpal
 35094 | Orc:2    | beem: vorpal[1/3]: A weapon brand which increases weapon
                  | damage by 16.7% on average.
 35094 | Orc:2    | trckry: ??vorpal[2
 35094 | Orc:2    | beem: vorpal[2/3]: Before 0.25, vorpal added different
                  | epithets to different weapon types: stabbing (daggers),
                  | slicing (swords, lajatangs, scythes), chopping (axes, other
                  | bladed polearms), crushing (quarterstaves, maces, flails),
                  | slashing (whips), piercing (spears, tridents, quick
                  | blades), velocity (missile launchers)
 35094 | Orc:2    | trckry: ??vorpal[3
 35094 | Orc:2    | beem: velocity[1/1]: see {vorpal} or {velocity_card}
 35147 | Orc:2    | Reached skill level 10 in Staves
 35184 | Orc:2    | Paralysed by an orc sorcerer for 3 turns
 35205 | Orc:2    | Found Tioluag's Armour Shop.
 35205 | Orc:2    | Found Foen's Jewellery Shoppe.
 35215 | Orc:2    | Found Sameuffo's Jewellery Shoppe.
 35215 | Orc:2    | Found Ferrehyb's Antique Armour Shop.
 35233 | Orc:2    | Bought a pair of smoking gloves for 275 gold pieces
 35247 | Orc:2    | Identified the +0 pair of gloves of Panarukh {Rampage rF+
                  | rN+ Dex-4} (You bought it in a shop on level 2 of the
                  | Orcish Mines)
 35263 | Orc:2    | Bought a runed cloak for 217 gold pieces
 35263 | Orc:2    | Bought a pair of glowing gloves for 217 gold pieces
 35263 | Orc:2    | Bought a pair of embroidered gloves for 217 gold pieces
 35313 | Orc:2    | Bought the ring "Nihyuwacurph" {rPois rC- Int-5 Dex+6
                  | Slay+6} for 1006 gold pieces
 35571 | Orc:1    | Found a runed translucent door.
 35573 | Orc:1    | Found a shimmering altar of Xom.
 35573 | Orc:1    | Noticed Sucvi's ghost (journeyman MiFi)
 35897 | D:13     | Noticed Snorg
 35906 | D:13     | Killed Snorg
 36270 | D:13     | Noticed Jorgrun
 36284 | D:13     | Killed Jorgrun
 36284 | D:13     | Received a gift from Okawaru
 36295 | D:13     | Found a gate leading to a gauntlet.
 36313 | Gauntlet | Entered a Gauntlet
 36313 | Gauntlet | Found a transporter.
 36435 | Gauntlet | Found a transporter.
 36438 | Gauntlet | Found a transporter.
 36439 | Gauntlet | Found a transporter.
 36450 | Gauntlet | Found a transporter.
 36450 | Gauntlet | Found a transporter.
 36451 | Gauntlet | Found a transporter.
 36460 | Gauntlet | Found a transporter.
 36462 | Gauntlet | Found a transporter.
 36463 | Gauntlet | Found a transporter.
 36471 | Gauntlet | Found a transporter.
 36474 | Gauntlet | Found a transporter.
 36475 | Gauntlet | Found a transporter.
 36486 | Gauntlet | Found a transporter.
 36542 | Gauntlet | Found a runed translucent door.
 36594 | Gauntlet | Reached skill level 15 in Crossbows
 36594 | Gauntlet | Reached XP level 16. HP: 96/96 MP: 24/24
 36609 | Gauntlet | Received a gift from Okawaru
 36631 | Gauntlet | Got a warped chain mail
 36713 | D:13     | Acquired a manual of Crossbows
 36725 | D:13     | Identified the cursed +1 chain mail of the Vaults {rC+
                  | Int+4} (You found it in a Gauntlet)
 37007 | D:13     | You are sucked into a shaft and drop 1 floor!
 37240 | D:14     | Received a gift from Okawaru
 37418 | D:14     | Found a gate to the Vaults.
 37562 | D:14     | Reached skill level 16 in Crossbows
 37704 | D:14     | Received a gift from Okawaru
 37705 | D:14     | Reached skill level 10 in Fighting
 37714 | D:14     | Got a jewelled lajatang {god gift}
 37715 | D:14     | Identified the +2 lajatang "Dragonbane" {vorpal, +Rage
                  | rC++} (Okawaru gifted it to you on level 14 of the Dungeon)
 38373 | D:14     | Noticed Roxanne
 38991 | D:15     | Entered Level 15 of the Dungeon
 39265 | D:14     | Reached skill level 10 in Evocations
 39351 | D:14     | Reached XP level 17. HP: 91/102 MP: 22/25
 39457 | D:15     | Found an opulent altar of Gozag.
 39463 | D:15     | Received a gift from Okawaru
 39497 | D:15     | Found a frozen archway.
 39583 | IceCv    | Entered an ice cave
 39602 | IceCv    | Reached skill level 17 in Crossbows
 39635 | IceCv    | HP: 15/103 [something (17)]
 40329 | IceCv    | Identified the cursed +1 scale mail of Unambiguity {Int+5
                  | Dex+7} (You found it in an ice cave)
 41188 | D:15     | Found a glowing golden altar of the Shining One.
 41285 | D:15     | Received a gift from Okawaru
 41408 | D:15     | Found a staircase to the Depths.
 41579 | Snake:1  | Entered Level 1 of the Snake Pit
 41860 | Snake:1  | Noticed Aizul
 41877 | Snake:1  | Killed Aizul
 41895 | Snake:1  | HP: 15/103 [poisoned by Aizul (poison arrow)]
 41900 | Snake:1  | HP: 14/103 [poisoned by Aizul (poison arrow)]
 41905 | Snake:1  | HP: 13/103 [poisoned by Aizul (poison arrow)]
 41912 | Snake:1  | HP: 13/103 [poisoned by Aizul (poison arrow)]
 41920 | Snake:1  | HP: 13/103 [poisoned by Aizul (poison arrow)]
 42284 | Snake:1  | Reached skill level 18 in Crossbows
 42900 | Snake:2  | Received a gift from Okawaru
 43063 | Snake:1  | Received a gift from Okawaru
 43099 | Snake:1  | Got a distressingly furry hat {god gift}
 43110 | Snake:1  | Identified the +2 hat of Miavvofo {rC- Int+6 Dex+3}
                  | (Okawaru gifted it to you on level 1 of the Snake Pit)
 45025 | Snake:3  | Reached XP level 18. HP: 110/110 MP: 26/26
 45165 | Snake:3  | Found Tolaner's General Store.
 45231 | Snake:2  | Reached skill level 19 in Crossbows
 45623 | Snake:3  | Bought a scroll of blinking for 120 gold pieces
 45786 | Snake:4  | Entered Level 4 of the Snake Pit
 45872 | Snake:4  | Received a gift from Okawaru
 46324 | Snake:4  | Found Agau's Antique Armour Shoppe.
 46324 | Snake:4  | Found Meiseg's Assorted Antiques.
 46326 | Snake:4  | Found Bymmoff's Book Emporium.
 46328 | Snake:4  | Found Apnowear's Antique Armour Shoppe.
 47124 | Snake:4  | Bought a glowing emerald amulet for 205 gold pieces
 47124 | Snake:4  | Bought a wand of acid (7) for 328 gold pieces
 47124 | Snake:4  | Bought a potion of curing for 123 gold pieces
 47825 | Snake:4  | Received a gift from Okawaru
 48399 | Snake:4  | Received a gift from Okawaru
 48408 | Snake:4  | Reached skill level 20 in Crossbows
 48441 | Snake:4  | Identified the +10 quarterstaff of the Eternal Warrior
                  | {freeze, *Slow Will+ Int+2 Dex+3} (Okawaru gifted it to you
                  | on level 4 of the Snake Pit)
 49315 | Snake:4  | Reached XP level 19. HP: 116/116 MP: 27/27
 49423 | Snake:4  | Got a serpentine rune of Zot
 49641 | Swamp:1  | Entered Level 1 of the Swamp
 49779 | Swamp:1  | Received a gift from Okawaru
 50046 | Swamp:1  | Noticed Nikola
 50064 | Swamp:1  | Killed Nikola
 50064 | Swamp:1  | Received a gift from Okawaru
 50627 | Swamp:2  | Noticed Louise
 50633 | Swamp:2  | Cast into level 2 of the Abyss (Louise)
 50633 | Abyss:2  | Found a corrupted altar of Lugonu.
 50779 | Abyss:2  | Found a corrupted altar of Lugonu.
 50907 | Abyss:2  | Found a corrupted altar of Lugonu.
 50961 | Abyss:2  | Found a corrupted altar of Lugonu.
 51027 | Abyss:2  | Noticed a Hell Sentinel
 51035 | Abyss:2  | Killed a Hell Sentinel
 51054 | Swamp:2  | Escaped the Abyss
 51316 | Swamp:2  | Killed Louise
 52145 | Swamp:2  | Reached skill level 21 in Crossbows
 52406 | Swamp:3  | Received a gift from Okawaru
 52462 | Swamp:3  | Received a gift from Okawaru
 52708 | Swamp:3  | Found a runed translucent gate.
 52709 | Swamp:3  | Found a runed translucent gate.
 52710 | Swamp:3  | Found a runed translucent gate.
 52710 | Swamp:3  | Noticed Ricegish's ghost (adept GnFi)
 52914 | Swamp:4  | Entered Level 4 of the Swamp
 52956 | Swamp:4  | Received a gift from Okawaru
 53367 | Swamp:4  | Reached XP level 20. HP: 116/124 MP: 28/28
 54097 | Swamp:4  | Got a decaying rune of Zot
 54498 | Vaults:1 | Entered Level 1 of the Vaults
 55154 | Vaults:1 | Received a gift from Okawaru
 55760 | Vaults:1 | Received a gift from Okawaru
 56500 | Vaults:1 | Found Ojynop's Magic Scroll Shoppe.
 56508 | Vaults:1 | Bought a scroll of blinking for 120 gold pieces
 56508 | Vaults:1 | Bought a scroll of teleportation for 48 gold pieces
 56508 | Vaults:1 | Bought a scroll of teleportation for 48 gold pieces
 57938 | Vaults:2 | Found Emetef's Book Shoppe.
 58235 | Vaults:2 | Reached XP level 21. HP: 130/130 MP: 29/29
 58834 | Vaults:2 | Reached skill level 22 in Crossbows
 59066 | Vaults:2 | Received a gift from Okawaru
 59684 | Vaults:3 | HP: 19/130 [deep elf archer/arrow (15)]
 60810 | Vaults:3 | Received a gift from Okawaru
 61372 | Vaults:3 | Found Usoc's Armour Shoppe.
 61465 | Vaults:3 | Got a flickering copper ring
 61467 | Vaults:3 | Identified the ring "Agiostrow" {+Inv rC+ Will+ Stlth-}
                  | (You found it on level 3 of the Vaults)
 61806 | Vaults:3 | Found a staircase to the Crypt.
 62280 | Vaults:3 | Reached skill level 15 in Dodging
 62569 | Vaults:4 | Reached skill level 15 in Armour
 62591 | Vaults:4 | Received a gift from Okawaru
 62661 | Vaults:4 | Identified the ring of the Fortune-Teller {rPois Int+6
                  | Dex-4 Slay+2 Stlth+}
 63875 | Vaults:4 | Reached XP level 22. HP: 137/137 MP: 30/30
 64856 | Depths:1 | Entered Level 1 of the Depths
 65235 | Depths:1 | Received a gift from Okawaru
 65338 | Depths:1 | Reached skill level 23 in Crossbows
 65828 | Depths:1 | Received a gift from Okawaru
 66132 | Depths:1 | Found Wimaekhly's One-of-a-Kind Books.
 66786 | Depths:1 | Found a gateway to Hell.
 67380 | Depths:2 | Noticed Bai Suzhen
 67400 | Depths:2 | Killed Bai Suzhen
 67400 | Depths:2 | Received a gift from Okawaru
 67594 | Depths:2 | Found a one-way gate leading to the halls of Pandemonium.
 67738 | Depths:2 | Found Oplour's Jewellery Shop.
 67754 | Depths:2 | Found Caiwot's Gadget Emporium.
 67758 | Depths:2 | Found Ditemut's Jewellery Shop.
 67772 | Depths:2 | Bought a cursed ring of teleportation for 103 gold pieces
 67772 | Depths:2 | Bought a cursed amulet of inaccuracy for 46 gold pieces
 68986 | Depths:2 | Noticed a golden dragon
 68986 | Depths:2 | Noticed a juggernaut
 68989 | Depths:2 | Identified the ring "Mizam" {Wiz rPois rN+ Int+4}
 69011 | Depths:2 | Killed a juggernaut
 69325 | Depths:2 | Reached XP level 23. HP: 130/144 MP: 28/31
 69366 | Depths:2 | Killed a golden dragon
 69636 | Depths:2 | Received a gift from Okawaru
 69907 | Depths:2 | Identified the amulet "Apnymem" {Inacc rC+ Str+3} (You
                  | found it on level 2 of the Depths)
 70270 | Depths:2 | Reached skill level 15 in Fighting
 70277 | Depths:2 | HP: 20/144 [fire giant/bolt of fire (19)]
 70732 | Depths:3 | Noticed Sojobo
 70758 | Depths:2 | Killed Sojobo
 70964 | Depths:3 | Reached skill level 15 in Evocations
 70999 | Depths:3 | Found a gateway to a ziggurat.
 71210 | Depths:3 | Received a gift from Okawaru
 71227 | Depths:3 | Noticed Margery
 71236 | Depths:3 | Killed Margery
 71237 | Depths:3 | Reached skill level 24 in Crossbows
 72349 | Depths:4 | Found a one-way gate to the infinite horrors of the Abyss.
 73229 | Depths:4 | Noticed a juggernaut
 73233 | Depths:4 | Noticed a caustic shrike
 73488 | Depths:3 | Killed a caustic shrike
 73769 | Depths:4 | Noticed a golden dragon
 73773 | Depths:4 | Killed a golden dragon
 73791 | Depths:4 | Received a gift from Okawaru
 73893 | Depths:4 | Noticed a caustic shrike
 73904 | Depths:4 | Killed a caustic shrike
 73904 | Depths:4 | Received a gift from Okawaru
 73975 | Depths:4 | Killed a juggernaut
 74300 | Depths:4 | Reached XP level 24. HP: 151/151 MP: 31/31
 75227 | Depths:5 | Entered Level 5 of the Depths
 75544 | Depths:5 | Noticed Xtahua
 75556 | Depths:5 | Killed Xtahua
 75593 | Depths:5 | Received a gift from Okawaru
 76469 | Depths:5 | Found a gate to the Realm of Zot.
 77045 | Elf:1    | Entered Level 1 of the Elven Halls
 77898 | Elf:1    | Reached skill level 25 in Crossbows
 77901 | Elf:1    | Identified the Almanac of Battle Magic
 78189 | Elf:1    | Noticed Frances
 78197 | Elf:1    | Killed Frances
 78197 | Elf:1    | Received a gift from Okawaru
 78205 | Elf:1    | Identified the +8 plate armour of Lethargy {Harm Rampage
                  | Int+7 Stlth-} (Okawaru gifted it to you on level 1 of the
                  | Elven Halls)
 78466 | Elf:2    | Noticed Donald
 78640 | Elf:2    | Killed Donald
 78915 | Elf:2    | Found a runed translucent gate.
 78915 | Elf:2    | Found a runed translucent gate.
 78916 | Elf:2    | Found a runed translucent gate.
 79478 | Elf:2    | Reached XP level 25. HP: 159/159 MP: 31/31
 79907 | Elf:3    | Entered Level 3 of the Elven Halls
 79950 | Elf:3    | Noticed Asterion
 79957 | Elf:3    | Killed Asterion
 80256 | Elf:3    | Identified the amulet of Salvation {Reflect rPois Int+4
                  | SH+5 SInv}
 80346 | Elf:3    | Received a gift from Okawaru
 80462 | Elf:3    | Identified the cursed +0 chain mail of Lychirov {rElec
                  | Int+2 Stlth+}
 80869 | Elf:3    | Found a radiant altar of Vehumet.
 80976 | Elf:3    | Gained mutation: You evolve. [a neqoxec]
 80978 | Elf:3    | Gained mutation: You are dopey. (Int -2) [a neqoxec]
 81502 | Elf:3    | Identified the +6 long sword "Inenapn" {freeze, +Blink
                  | rPois rF- Str+8}
 81665 | Elf:3    | Identified the Collected Works on Burning Envenoming
 81669 | Elf:3    | Identified the +1 arbalest "Dyfrun" {elec, Int+4 Dex+3}
                  | (You found it on level 3 of the Elven Halls)
 81759 | Elf:3    | Identified Wyje's Compendium of Entrancing Necromancy
 81778 | Elf:3    | Lost mutation: You are dopey. (Int -2) [evolution]
 82598 | Depths:2 | Bought a wand of acid (13) for 408 gold pieces
 82598 | Depths:2 | Bought a wand of iceblast (7) for 132 gold pieces
 82598 | Depths:2 | Bought a wand of iceblast (10) for 168 gold pieces
 82598 | Depths:2 | Bought a tin of tremorstones (2/2) for 480 gold pieces
 82913 | Vaults:5 | Entered Level 5 of the Vaults
 82916 | Vaults:5 | Received a gift from Okawaru
 82916 | Vaults:5 | Received a gift from Okawaru
 82916 | Vaults:5 | HP: 24/160 [spore (26)]
 82916 | Vaults:5 | Killed by an exploding a vault guard... exploding inner
                  | flame

Illustrated notes

Levels and vault maps discovered:
D:1:      giann_forest_graveyard, layout_loops_corners
D:2:      layout_rooms, makhleb_heckhound_becter, minmay_misc_feat_iff,
          uniq_natasha
D:3:      layout_loops_corners, nemelex_xobeh_ov_fountains_minmay,
          chequers_avenue, kennysheep_okawaru_gauntlet
D:4:      layout_basic, chequers_temple_overflow_statue_of_worship,
          kennysheep_boxes, uniq_eustachio, uniq_menkaure, uniq_grinder,
          uniq_ijyb
D:5:      wad_crossroads, layout_basic, lemuel_coloured_pillars_altar,
          minmay_temple_entry_proselytizer
D:6:      layout_loops_ring, gammafunk_ghost_necromancy, kb_rosetta
D:7:      layout_loops_ring, nzn_hepliaklqana_mist_gate, gammafunk_ghost_icy
D:8:      layout_basic, serial_shops, shop, gammafunk_ghost_cemetery,
          uniq_joseph
D:9:      layout_stronghold, basic_altar, serial_park_tiny_2
D:10:     layout_basic, minmay_orc_entry_guard_dogs, serial_shops,
          nicolae_shop_crystal, hangedman_abyss_or_decor_lesser_grid
D:11:     layout_basic, dpeg_oklobed_lair
D:12:     layout_gridville, uniq_erolcha
D:13:     layout_basic, gauntlet_entry_generic, uniq_snorg, uniq_jorgrun
D:14:     layout_basic, hangedman_vaults_entry_quadrant_bands,
          nrook_pool_corridor, uniq_roxanne
D:15:     gammafunk_enter_depths_forms, layout_gridville, serial_ice,
          serial_ice_o, serial_ice_m, serial_ice_e, serial_ice_g,
          portal_ice_cave_entry_ice_beasts, nicolae_tso_carved_into_rock,
          lemuel_tele_altar
Temple:   eino_temple_rhombus
Lair:1:   layout_regular_city, dpeg_stationary_puzzle,
          infiniplex_staircase_pool_2, grunt_megastairs_4
Lair:2:   layout_regular_city, gammafunk_ghost_split, serial_forest,
          infiniplex_forest_clump_small, infiniplex_forest_zigzag_1,
          infiniplex_forest_lined_3, infiniplex_forest_straight_5,
          infiniplex_forest_clump_small, infiniplex_forest_zigzag_2
Lair:3:   layout_gridlike, minmay_snake_entry_guardpost_small,
          infiniplex_staircase_pool, lemuel_fruit_fields, uniq_sonja
Lair:4:   layout_gridlike, swamp_mist_pool
Lair:5:   layout_cave_shapes
Lair:6:   guppyfry_lair_end_dragon, layout_misc_corridors, wormcave,
          dpeg_slime_entry_enclosed_altar, enter_volcano_1
Swamp:1:  layout_basic_swamp, serial_swamp_ruin, evilmike_swamp_ruin_house_6,
          evilmike_swamp_ruin_rubble_2, evilmike_swamp_ruin_rubble_1,
          uniq_nikola
Swamp:2:  layout_basic_swamp, evilmike_swamp_ruin_wall, st_swamp_ruins_4,
          uniq_louise
Swamp:3:  layout_basic_swamp, gammafunk_ghost_hydra_chop,
          evilmike_swamp_ruin_house_5, swamp_pool2
Swamp:4:  swamp, layout_basic_swamp
Snake:1:  layout_cave_pods, uniq_aizul
Snake:2:  layout_misc_corridors
Snake:3:  layout_rooms, serial_shops, shop, drop_trap
Snake:4:  snake_pit_salamanders_mu, layout_layer_cave, serial_bayou_pond_a,
          minmay_shoptagon
Orc:1:    layout_diamond_mine, ebering_ghost_xom
Orc:2:    grunt_orc_tribal_feast, layout_caves, basic_altar
Elf:1:    layout_onion_city, minmay_elf_annihilation, uniq_frances
Elf:2:    layout_gridlike, uniq_donald
Elf:3:    minmay_elf_hall_dome, layout_geoelf_grid, basic_altar, minivault_16,
          corner_web_ring, drop_trap, st_stairs_1, grunt_ministairs_9,
          uniq_asterion
Vaults:1: serial_ice_m, vaults_dpeg_hooks, grunt_vaults_twisty,
          nicolae_vaults_back_hallway, nicolae_vaults_network_quinsquares
          [nicolae_vaults_network_quincunx_subvault,
          nicolae_vaults_network_quincunx_subvault,
          nicolae_vaults_network_quincunx_subvault,
          nicolae_vaults_network_quincunx_subvault], vaults_room_pool,
          nicolae_vaults_little_squares_1, vaults_room_fours,
          nicolae_vaults_specimen_jars, v_misc_24, serial_ice_b,
          grunt_vaults_funnel, nicolae_vaults_little_squares_4,
          layout_vaults_omnicross, serial_shops, nicolae_shop_stone
Vaults:2: ontoclasm_vaults_pinch, nicolae_vaults_network_periphery,
          nicolae_vaults_ring_of_whatevers, serial_ice_b, v_misc_18, v_misc_9,
          nicolae_vaults_circle_grid_a, layout_vaults_big_room, serial_shops,
          nicolae_shop_statue_plus
Vaults:3: nicolae_vaults_network_quincunx
          [nicolae_vaults_network_quincunx_subvault,
          nicolae_vaults_network_quincunx_subvault,
          nicolae_vaults_network_quincunx_subvault,
          nicolae_vaults_network_quincunx_subvault,
          nicolae_vaults_network_quincunx_subvault], vaults_room_door_hall,
          nicolae_vaults_stairing_the_circle, nicolae_vaults_circle_grid_b,
          nicolae_vaults_windows_and_doors_thing, grunt_vaults_hallway_long,
          v_misc_26, vaults_dpeg_ring, layout_vaults_omnigrid,
          minmay_crypt_entry_simple_corners, serial_shops, shop
Vaults:4: ontoclasm_vaults_misaligned, vaults_room_octagon,
          nicolae_vaults_network_square, hangedman_vaults_locks,
          vaults_room_corners, dpeg_vaults_monster_row, v_alt_pattern_2,
          st_spiral_rooms, hangedman_vaults_corner_blocks, v_misc_14,
          hangedman_vaults_snaps, layout_vaults_omnibox
Vaults:5
Depths:1: layout_cave_shapes, roderic_serpentine_path, hellmouth_1,
          serial_bayou_pond_d, minmay_misc_feat_square, nicolae_rare_books,
          drop_trap, minmay_misc_feat_alley, hangedman_decor_opposing,
          hangedman_stitches_earthworm, infiniplex_staircase_pool_lava
Depths:2: minmay_tri_box, layout_basic, hell_entry, rand_demon_pan_entry_7,
          hangedman_corner_corridor, firewood_loft,
          infiniplex_staircase_zigzag_1, minmay_shop_grove, uniq_bai_suzhen
Depths:3: hangedman_elemental_death_ray, layout_gridlike, enter_ziggurat_e,
          grunt_pan_entry_spiral, minmay_staircase_bubble, hell_entry,
          uniq_margery, uniq_sojobo
Depths:4: angbandy_vault, layout_small_grid, hangedman_abyss_entry_splay,
          hell_entry, minmay_door_square, grunt_megastairs_1
Depths:5: evilmike_zot_entry_round, layout_twisted_cross,
          grunt_hell_entry_dis_grunt, nrook_campfire, uniq_xtahua

Skill      XL: |  1  2  3  4  5  6  7  8  9 10 11 12 13 14 15 16 17 18 19 20 21 22 23 24 25 |
---------------+----------------------------------------------------------------------------+-----
Staves         | 1 2 3 4 5 6 7 8 9 10 11 12 13 14 | 14.0
Crossbows      | 5 6 7 8 9 10 11 12 14 15 16 18 20 21 22 23 24 25 | 25.5
Armour         | 1 2 3 5 6 8 9 10 11 12 13 14 15 16 17 | 17.8
Evocations     | 1 2 3 4 5 6 7 8 9 10 11 12 13 14 15 16 | 16.4
Invocations    | 1 2 3 4 5 6 8 9 10 | 10.0
Dodging        | 3 4 5 6 7 8 9 10 11 12 13 14 15 16 17 | 17.8
Fighting       | 3 4 5 6 7 8 9 10 11 12 13 14 15 16 17 | 17.2
Shields        | 2 4 |  4.0
Stealth        | |  1.0

Action                   |  1- 3 |  4- 6 |  7- 9 | 10-12 | 13-15 | 16-18 | 19-21 | 22-24 | 25-27 || total
-------------------------+-------+-------+-------+-------+-------+-------+-------+-------+-------++-------
Melee: Short sword       |    32 |   140 |   197 |   893 |   903 |       |       |       |       ||  2165
       Peck              |    12 |    25 |    57 |   265 |   331 |       |     4 |    18 |     6 ||   718
       Kick              |     7 |    33 |   111 |   454 |   508 |       |     4 |    32 |     9 ||  1158
       Unarmed           |       |    26 |       |       |       |       |       |       |       ||    26
       Rapier            |       |     1 |   117 |       |       |       |       |       |       ||   118
       Lajatang          |       |       |       |       |       |       |     4 |    71 |    20 ||    95
       Triple crossbow   |       |       |       |       |       |       |     1 |       |       ||     1
 Fire: Hand crossbow     |    14 |    48 |    15 |    30 |   198 |       |       |       |       ||   305
       Arbalest          |       |       |       |       |   388 |  1011 |  1407 |  1085 |   207 ||  4098
       Triple crossbow   |       |       |       |       |       |       |       |    80 |       ||    80
Throw: Dart              |       |     1 |    15 |    57 |    11 |       |       |       |       ||    84
Invok: Finesse           |       |       |       |       |     1 |     1 |     1 |     3 |       ||     6
       Heroism           |       |       |       |       |     1 |     1 |     1 |     3 |       ||     6
 Abil: Fly               |       |     1 |       |       |       |       |       |     1 |       ||     2
       Stop Flying       |       |       |       |       |       |       |       |     2 |       ||     2
       Evoke Berserk Rag |       |       |       |       |       |       |       |     1 |       ||     1
Evoke: Wand              |       |       |       |    13 |     5 |       |       |     4 |       ||    22
       Lightning rod     |       |       |       |     4 |     2 |       |       |       |       ||     6
  Use: Scroll            |       |       |    14 |     4 |     5 |    15 |     4 |    10 |     4 ||    56
       Potion            |       |       |     4 |     4 |     6 |     2 |     1 |     4 |       ||    21
 Stab: Sleeping          |     1 |       |     3 |       |       |       |       |       |       ||     4
       Petrified         |       |       |       |       |    11 |       |       |       |       ||    11
       Petrifying        |       |       |       |       |     1 |       |       |       |       ||     1
       Distracted        |       |       |       |       |       |       |       |     1 |       ||     1
Armor: Leather armour    |     9 |    29 |    73 |    17 |       |       |       |       |       ||   128
       Plate armour      |       |       |       |   388 |   623 |   280 |   386 |   283 |    42 ||  2002
Dodge: Dodged            |    22 |   110 |   272 |   364 |   658 |   355 |   585 |   457 |    37 ||  2860
Block: Buckler           |       |       |    24 |   367 |   471 |       |       |       |       ||   862
       Other             |       |       |       |       |       |       |       |       |     7 ||     7
       Reflection        |       |       |       |       |       |       |       |       |     3 ||     3
